 Dungeon Crawl Stone Soup version 0.23.2-30-g0e89c35649 (webtiles) character file.

Game seed: 17768203988245858569

17832 kae the Severer (level 12, -12/112 HPs)
             Began as a Minotaur Fighter on June 24, 2019.
             Was a High Priest of Makhleb.
             Killed by divine providence
             ... invoked by a meliai
              (14 damage)
             ... on level 12 of the Dungeon.
             The game lasted 00:17:40 (11645 turns).

kae the Severer (Minotaur Fighter)                 Turns: 11645, Time: 00:17:41

Health: -12/112    AC: 30    Str: 24    XL:     12   Next: 22%
Magic:  18/18      EV:  9    Int:  7    God:    Makhleb [*****.]
Gold:   440        SH: 10    Dex: 15    Spells: 11/11 levels left

rFire    . . .     SeeInvis .   a - +1 war axe
rCold    . . .     Gourm    .   c - +0 shield
rNeg     + . .     Faith    .   C - +15 Maxwell's patent armour {-Cast -Tele rElec MR+ rCorr}
rPois    .         Spirit   .   (helmet restricted)
rElec    +         Reflect  .   I - +0 cloak {MR+}
rCorr    +         Harm     .   z - +0 pair of gloves
MR       +++..     NoTele   +   (no boots) Stlth ..........NoCast +
                                (no amulet)
HPRegen  0.28/turn              J - ring of positive energy
MPRegen  0.16/turn              p - ring of protection from magic

@: agile
A: retaliatory headbutt, horns 2
a: Minor Destruction, Lesser Servant of Makhleb, Major Destruction, Greater
Servant of Makhleb, Renounce Religion


You were on level 12 of the Dungeon.
You worshipped Makhleb.
Makhleb was extremely pleased with you.
You were very hungry.

You visited 2 branches of the dungeon, and saw 13 of its levels.
You also visited: Ossuary.

You collected 588 gold pieces.
You spent 148 gold pieces at shops.

Inventory:

Hand Weapons
 a - a +1 war axe (weapon)
 n - the +3 mace of Inflation {crush, *Noise Dex+5}
   (You found it on level 4 of the Dungeon)

   It inflicts extra damage upon your enemies.
   It affects your dexterity (+5).
   It may make noises in combat.
Armour
 c - a +0 shield (worn)
 z - a +0 pair of gloves (worn)
 C - the +15 Maxwell's patent armour (worn) {-Cast -Tele rElec MR+ rCorr}
   (You found it on level 10 of the Dungeon)

   It insulates you from electricity.
   It affects your resistance to hostile enchantments.
   It prevents spellcasting.
   It prevents most forms of teleportation.
   It provides partial protection from all sources of acid and corrosion.
 I - a +0 cloak of magic resistance (worn)
Jewellery
 k - an uncursed ring of magical power
 p - a ring of protection from magic (right hand)
 u - a +1 ring of evasion
 H - an uncursed ring of protection from cold
 J - a ring of positive energy (left hand)
 L - a +6 ring of intelligence {unknown}
Wands
 b - a wand of clouds (3)
 j - a wand of paralysis (10)
 m - a wand of flame (12)
 x - a wand of polymorph (15)
 A - a wand of random effects (19)
 B - a wand of acid (3)
 D - a wand of digging (11)
Scrolls
 d - a scroll of silence {unknown}
 h - 7 scrolls of remove curse
 r - 4 scrolls of teleportation
 v - 4 scrolls of enchant weapon
 y - 3 scrolls of amnesia
 E - a scroll of blinking
 G - 6 scrolls of identify
 K - a scroll of acquirement {unknown}
Potions
 e - 3 potions of flight
 g - 5 potions of curing
 i - 2 potions of mutation
 l - 3 potions of heal wounds
 o - 4 potions of degeneration
 q - a potion of agility
 s - 2 potions of magic
 t - a potion of invisibility
 w - 2 potions of cancellation
 F - a potion of ambrosia {unknown}
Comestibles
 f - 23 rations


   Skills:
 + Level 12.3 Fighting
 * Level 16.1 Axes
 + Level 5.6 Armour
 - Level 3.6 Shields
 + Level 9.6 Invocations


You had 11 spell levels left.
You didn't know any spells.
Your spell library contained the following spells:

 Spells                   Type           Power        Failure   Level  Hunger
 Apportation              Tloc           #.....       100%        1    ##.....
 Flame Tongue             Conj/Fire      #....        100%        1    ##.....
 Magic Dart               Conj           #...         100%        1    ##.....
 Summon Butterflies       Summ           #.......     100%        1    ##.....
 Summon Small Mammal      Summ           #...         100%        1    ##.....
 Call Imp                 Summ           #.......     100%        2    ###....
 Searing Ray              Conj           #.....       100%        2    ###....
 Call Canine Familiar     Summ           #.......     100%        3    ####...
 Dazzling Spray           Conj/Hex       #.....       100%        3    ####...
 Lesser Beckoning         Tloc           #.........   100%        3    ####...
 Summon Guardian Golem    Hex/Summ       #.......     100%        3    ####...
 Tukima's Dance           Hex            #.......     100%        3    ####...
 Cause Fear               Hex            #.........   100%        4    #####..
 Force Lance              Conj/Tloc      #.......     100%        4    #####..
 Fulminant Prism          Conj/Hex       #.........   100%        4    #####..
 Iskenderun's Mystic Bla  Conj           #.......     100%        4    #####..
 Summon Ice Beast         Ice/Summ       #.......     100%        4    #####..
 Summon Lightning Spire   Summ/Air       #.......     100%        4    #####..
 Alistair's Intoxication  Tmut/Pois      #.......     100%        5    ######.
 Bolt of Fire             Conj/Fire      #.........   100%        6    #######
 Invisibility             Hex            #.......     100%        6    #######
 Dragon Form              Tmut           #.........   100%        7    #######
 Dragon's Call            Summ           #.........   100%        9    #######


Dungeon Overview and Level Annotations

Branches:
Dungeon (12/15)            Temple (1/1) D:4            Lair (0/6) D:11
    Orc (0/2) D:9

Altars:
Ashenzari
Cheibriados
Dithmenos
Elyvilon
Fedhas
Gozag
Hepliaklqana
Kikubaaqudgha
Makhleb
Nemelex Xobeh
Okawaru
Qazlal
Ru
Sif Muna
Trog
Uskayaw
Vehumet
Wu Jian
Xom
Yredelemnul
Zin
The Shining One
Beogh

Shops:
D:10 ?


Innate Abilities, Weirdness & Mutations

You reflexively headbutt those who attack you in melee.
You have a pair of horns on your head.


Message History

You hear an angry buzzing noise.
You slash the queen bee!
The queen bee is moderately wounded.
The killer bee rages.
The meliai mumbles some strange prayers to its god against you.
Something smites you!
* * * LOW HITPOINT WARNING * * *
You block the queen bee's attack.
You slash the queen bee!
You headbutt the queen bee, but do no damage.
The queen bee is severely wounded.
The queen bee stings you but does no damage.
You hear an angry buzzing noise.
You hit the queen bee. You headbutt the queen bee!
The queen bee is almost dead.
You barely miss the queen bee.
The queen bee is almost dead.
The meliai invokes the aid of its god against you.
Something smites you!
You die... ### #### ..# yy...

..# ###yyy...
..################yyyyy...
..'.............@yy#y.....
..##################


yyy.y ### .y.. ... ## You could see a queen bee, 3 meliai and 8 killer bees.

Vanquished Creatures
  The ghost of Nordron the Cleaver, a journeyman MiFi of Okawaru (D:10)
  Erolcha (D:9)
  3 two-headed ogres
  2 unseen horrors
  2 ugly things
  Pikel (D:5)
  A manticore (D:12)
  A centaur skeleton (D:11)
  3 trolls
  2 hornets
  A hippogriff (D:8)
  A water elemental (D:11)
  6 yaks (D:11)
  A steam dragon (D:9)
  Grum (D:9)
  A hungry ghost (D:7)
  3 wargs
  An acid dragon (D:12)
  Duvessa (D:6)
  6 ice beasts
  7 orc warriors
  4 slaves (D:5)
  2 necrophages
  2 phantoms
  A black bear (D:6)
  3 sky beasts
  8 ogres
  3 wolves (D:9)
  A crocodile (D:10)
  2 centaurs
  2 big kobolds
  3 bullfrogs
  2 elf zombies (Ossuary)
  Dowan (D:6)
  6 scorpions
  30 killer bees
  A howler monkey (D:9)
  4 electric eels (D:11)
  6 crimson imps
  A bullfrog zombie (D:7)
  5 centaur zombies
  A quasit (D:12)
  11 orc priests
  10 orc wizards
  5 hounds
  A human zombie (Ossuary)
  2 jellies
  3 iguanas
  11 worker ants
  A big kobold zombie (Ossuary)
  A hound zombie (D:9)
  3 hound skeletons
  2 mummies (Ossuary)
  4 worker ant zombies
  18 adders
  2 shadow imps (D:5)
  4 adder zombies
  An ooze (D:3)
  3 adder skeletons
  5 worms
  2 dart slugs
  6 leopard geckos
  50 orcs
  A ball python (D:1)
  7 giant cockroaches
  5 goblins
  5 hobgoblins
  6 jackals
  4 quokkas
  6 bats
  3 frilled lizards
  13 hobgoblin zombies (Ossuary)
  A jackal skeleton (D:8)
  A jackal zombie (Ossuary)
  12 kobolds
  8 kobold zombies (Ossuary)
  A leopard gecko skeleton (D:5)
  A leopard gecko zombie (D:6)
  6 orc zombies (Ossuary)
  A quokka skeleton (D:7)
  6 rats
366 creatures vanquished.

Vanquished Creatures (collateral kills)
  A two-headed ogre (D:10)
  A gargoyle (D:11)
  An orc warrior (D:8)
  A hound (D:11)
  An orc wizard (D:8)
  An iguana (D:8)
  2 orcs
8 creatures vanquished.

Vanquished Creatures (others)
  An orc wizard (D:11)
1 creature vanquished.

Grand Total: 375 creatures vanquished

Notes
Turn   | Place    | Note
-------+----------+-------------------------------------------
     0 | D:1      | kae the Minotaur Fighter began the quest for the Orb.
     0 | D:1      | Reached XP level 1. HP: 19/19 MP: 0/0
   102 | D:1      | Reached skill level 3 in Axes
   105 | D:1      | Reached XP level 2. HP: 27/27 MP: 1/1
   822 | D:2      | Reached XP level 3. HP: 32/33 MP: 2/2
  1136 | D:2      | Reached skill level 4 in Axes
  1480 | D:3      | Reached XP level 4. HP: 28/41 MP: 3/3
  1586 | D:3      | Reached skill level 5 in Axes
  1794 | D:3      | Reached XP level 5. HP: 46/47 MP: 4/4
  1878 | D:3      | Reached skill level 5 in Fighting
  2447 | D:4      | Found a staircase to the Ecumenical Temple.
  2469 | Temple   | Entered the Ecumenical Temple
  2549 | Temple   | Became a worshipper of Makhleb the Destroyer
  2614 | D:4      | Reached skill level 6 in Axes
  2682 | D:4      | Noticed an ogre
  2699 | D:4      | Killed an ogre
  2699 | D:4      | Reached skill level 1 in Invocations
  2699 | D:4      | Reached XP level 6. HP: 20/56 MP: 5/5
  2896 | D:4      | Got a crude mace
  2899 | D:4      | Identified the cursed +3 mace of Inflation {crush, *Noise
                  | Dex+5} (You found it on level 4 of the Dungeon)
  3016 | D:4      | Reached skill level 7 in Axes
  3324 | D:4      | Reached XP level 7. HP: 56/63 MP: 7/7
  3477 | D:5      | Entered Level 5 of the Dungeon
  3669 | D:5      | Reached skill level 8 in Axes
  3704 | D:5      | Reached * piety under Makhleb
  4464 | D:5      | Noticed Pikel
  4511 | D:5      | Killed Pikel
  4511 | D:5      | Reached skill level 9 in Axes
  4511 | D:5      | Reached XP level 8. HP: 42/73 MP: 10/10
  4798 | D:6      | Noticed Duvessa
  4801 | D:6      | Noticed Dowan
  4812 | D:6      | Killed Duvessa
  4812 | D:6      | Reached skill level 10 in Axes
  4822 | D:6      | Killed Dowan
  5183 | D:6      | Reached XP level 9. HP: 78/81 MP: 11/11
  5184 | D:6      | Reached skill level 5 in Invocations
  5443 | D:7      | Reached ** piety under Makhleb
  5449 | D:7      | Found a sand-covered staircase.
  5454 | Ossuary  | Entered an ossuary
  5586 | Ossuary  | Reached skill level 11 in Axes
  5818 | D:7      | Reached *** piety under Makhleb
  6154 | D:7      | Reached skill level 12 in Axes
  6579 | D:8      | Identified the +7 scimitar "Egoucea" {elec, *Rage Str+4}
  6589 | D:8      | Reached XP level 10. HP: 81/91 MP: 13/13
  6682 | D:8      | Paralysed by a hornet for 1 turns
  7420 | D:9      | Reached **** piety under Makhleb
  7431 | D:9      | Reached skill level 10 in Fighting
  7431 | D:9      | Reached skill level 13 in Axes
  7442 | D:9      | Found a staircase to the Orcish Mines.
  7623 | D:9      | Noticed Erolcha
  7641 | D:9      | Killed Erolcha
  7718 | D:9      | Found a sacrificial altar of Ru.
  7724 | D:9      | Noticed Grum
  7738 | D:9      | Killed Grum
  8052 | D:9      | Reached skill level 14 in Axes
  8067 | D:9      | Noticed a two-headed ogre
  8462 | D:9      | Killed a two-headed ogre
  8549 | D:10     | Entered Level 10 of the Dungeon
  8585 | D:10     | Found a glowing golden altar of the Shining One.
  8586 | D:10     | Noticed a two-headed ogre
  8592 | D:10     | Killed a two-headed ogre
  8592 | D:10     | Reached XP level 11. HP: 64/101 MP: 14/16
  8743 | D:10     | Noticed a two-headed ogre
  8748 | D:10     | Killed a two-headed ogre
  8953 | D:10     | Found Toschu's Magic Scroll Boutique.
  8984 | D:10     | Reached ***** piety under Makhleb
  9021 | D:10     | Bought a scroll of blinking for 82 gold pieces
  9021 | D:10     | Bought a scroll of identify for 22 gold pieces
  9021 | D:10     | Bought a scroll of identify for 22 gold pieces
  9021 | D:10     | Bought a scroll of identify for 22 gold pieces
  9069 | D:10     | Found a runed translucent gate.
  9082 | D:10     | Killed an unseen horror
  9254 | D:10     | Found a runed translucent gate.
  9256 | D:10     | Noticed Nordron's ghost (journeyman MiFi)
  9257 | D:10     | Found a runed translucent gate.
  9260 | D:10     | Identified the +3 chain mail "Butsedir" {Str+7 Int+3 Dex-3}
  9265 | D:10     | Found a roughly hewn altar of Beogh.
  9266 | D:10     | Found the +15 Maxwell's patent armour {-Cast -Tele rElec
                  | MR+ rCorr}
  9622 | D:10     | Killed Nordron's ghost
  9622 | D:10     | Reached skill level 15 in Axes
  9968 | D:11     | Found a staircase to the Lair.
 10225 | D:11     | Noticed a two-headed ogre
 10235 | D:11     | Killed a two-headed ogre
 10585 | D:11     | Noticed a red ugly thing
 10620 | D:11     | Killed a red ugly thing
 10620 | D:11     | Reached skill level 5 in Armour
 10620 | D:11     | Reached XP level 12. HP: 44/112 MP: 18/18
 11329 | D:12     | Reached skill level 16 in Axes
 11642 | D:12     | HP: 1/112 [meliai/divine providence (9)]
 11645 | D:12     | Killed from afar by a meliai

Skill      XL: |  1  2  3  4  5  6  7  8  9 10 11 12 |
---------------+-------------------------------------+-----
Axes           | 3 4 5 6 7 9 10 12 14 15 16 | 16.1
Fighting       | 4 5 6 7 8 9 10 12 | 12.3
Invocations    | 1 2 4 6 8 9 |  9.6
Armour         | 5 |  5.6
Shields        | |  3.6

Action                   |  1- 3 |  4- 6 |  7- 9 | 10-12 || total
-------------------------+-------+-------+-------+-------++-------
Melee: War axe           |    91 |   112 |   414 |   591 ||  1208
       Headbutt          |    16 |    12 |    71 |   102 ||   201
Invok: Minor Destruction |       |       |     2 |     2 ||     4
       Lesser Servant of |       |       |     1 |     2 ||     3
Evoke: Wand              |       |       |     2 |       ||     2
  Use: Scroll            |     5 |     7 |     4 |     8 ||    24
       Potion            |       |     1 |       |     7 ||     8
 Stab: Paralysed         |       |       |     5 |       ||     5
  Eat: Chunk             |     2 |     5 |    14 |    16 ||    37
Armor: Scale mail        |    42 |    37 |   142 |    21 ||   242
       Swamp dragon scal |       |       |       |    86 ||    86
       Skin              |       |       |       |    24 ||    24
       Plate armour      |       |       |       |   142 ||   142
Dodge: Dodged            |    36 |    21 |   104 |   143 ||   304
Block: Shield            |    50 |    61 |   147 |   246 ||   504
